EL
WATERBURY ROUGH RIDERS @ PITTSFIELD COLONIALS
06/25/1982
 
TOP OF THE 1ST
Waterbury Rough Riders batting - Pitching for Pittsfield Colonials : RHP Robert Vavrock
Pitching: RHP Robert Vavrock
Batting: RHB David Corman 0-0: Ground out 6-3 (Groundball, 6S, EV 91.3 MPH)
Batting: RHB Dave Wilder 0-0: Called Strike
0-1: Called Strike
0-2: Strikes out looking
Batting: RHB Billy Beane 0-0: Called Strike
0-1: Called Strike
0-2: Strikes out looking
Top of the 1st over - 0 runs, 0 hits, 0 errors, 0 left on base; Waterbury 0 - Pittsfield 0
BOTTOM OF THE 1ST
Pittsfield Colonials batting - Pitching for Waterbury Rough Riders : RHP Jeffrey Orville
Pitching: RHP Jeffrey Orville
Batting: SHB Felipe Gracia 0-0: Called Strike
0-1: Ground out 5-3 (Groundball, 56S, EV 87.5 MPH)
Batting: SHB David Enos 0-0: Called Strike
0-1: Swinging Strike
0-2: Strikes out swinging
Batting: RHB Shawon Dunston 0-0: Ball
1-0: Ground out 4-3 (Groundball, 4, EV 86.3 MPH)
Bottom of the 1st over - 0 runs, 0 hits, 0 errors, 0 left on base; Waterbury 0 - Pittsfield 0
TOP OF THE 2ND
Waterbury Rough Riders batting - Pitching for Pittsfield Colonials : RHP Robert Vavrock
Batting: RHB john W Russell 0-0: Ball
1-0: Ball
2-0: Called Strike
2-1: Ball
3-1: Base on Balls
Batting: LHB Mike Lebo 0-0: Ball
1-0: Foul Ball, location: 2F
1-1: Ball
2-1: Grounds into double play, 6-4-3 (Groundball, 6, EV 88.8 MPH)
Batting: LHB David Blume 0-0: Fly out, F8 (Line Drive, 8LM, EV 105.6 MPH)
Top of the 2nd over - 0 runs, 0 hits, 0 errors, 0 left on base; Waterbury 0 - Pittsfield 0
BOTTOM OF THE 2ND
Pittsfield Colonials batting - Pitching for Waterbury Rough Riders : RHP Jeffrey Orville
Batting: SHB Mark Gilbert 0-0: Ball
1-0: Swinging Strike
1-1: Called Strike
1-2: Foul Ball, location: 2F
1-2: Foul Ball, location: 2F
1-2: SINGLE (Groundball, 6MS, EV 66.9 MPH) (infield hit)
Batting: RHB Mike Brewer 0-0: Ball
1-0: Ball
2-0: SINGLE (Groundball, 6MD, EV 94.4 MPH)
Mark Gilbert to second
Runner from 2nd tries for 3rd, SAFE, no throw by CF
Batting: LHB Armando Ortiz 0-0: Ball
1-0: Foul Ball, location: 2F
1-1: Foul Ball, location: 2F
1-2: Ball
2-2: Ball
3-2: DOUBLE (Line Drive, 9LM, EV 110.0 MPH)
Mark Gilbert scores
Mike Brewer to third
Mike Brewer scores
Batting: RHB Steven Ramler 0-0: Ball
1-0: Ball
2-0: Foul Ball, location: 2F
2-1: Ball
3-1: Foul Ball, location: 2F
3-2: Foul Ball, location: 2F
3-2: Fly out, F7 (Line Drive, 7D, EV 85.6 MPH)
Batting: RHB Fernando Marin 0-0: Ball
1-0: Ball
2-0: Called Strike
2-1: Ball
3-1: Base on Balls
Batting: RHB Juan Castro 0-0: Ball
1-0: Swinging Strike
1-1: Ball
Passed Ball!
Armando Ortiz to third
Fernando Marin to second
2-1: Called Strike
2-2: Ball
3-2: Fly out, F9 (Line Drive, 9, EV 91.3 MPH)
Batting: SHB Felipe Gracia 0-0: SINGLE (Groundball, 25, EV 71.3 MPH) (infield hit)
Armando Ortiz scores
Fernando Marin to third
Batting: SHB David Enos 0-0: Called Strike
0-1: Called Strike
0-2: Strikes out looking
Bottom of the 2nd over - 3 runs, 4 hits, 0 errors, 2 left on base; Waterbury 0 - Pittsfield 3
TOP OF THE 3RD
Waterbury Rough Riders batting - Pitching for Pittsfield Colonials : RHP Robert Vavrock
Batting: RHB Daniel Purpura 0-0: Ball
1-0: Ball
2-0: Ground out 4-3 (Groundball, 4, EV 86.9 MPH)
Batting: RHB Jose Quiroz 0-0: Called Strike
0-1: Ball
1-1: SINGLE (Line Drive, 89M, EV 87.5 MPH)
Batting: RHB Joseph Pocoroba 0-0: Foul Ball, location: 2F
0-1: Ball
1-1: Grounds into double play, 2-6-3 (Groundball, 13S, EV 62.5 MPH)
Top of the 3rd over - 0 runs, 1 hit, 0 errors, 0 left on base; Waterbury 0 - Pittsfield 3
BOTTOM OF THE 3RD
Pittsfield Colonials batting - Pitching for Waterbury Rough Riders : RHP Jeffrey Orville
Batting: RHB Shawon Dunston 0-0: Fly out, F8 (Flyball, 89D, EV 95.6 MPH)
Batting: SHB Mark Gilbert 0-0: Ball
1-0: Ground out 4-3 (Groundball, 4, EV 93.8 MPH)
Batting: RHB Mike Brewer 0-0: Ball
1-0: SINGLE (Line Drive, 78S, EV 113.1 MPH)
Batting: LHB Armando Ortiz 0-0: Fly out, F7 (Flyball, 7S, EV 78.8 MPH)
Bottom of the 3rd over - 0 runs, 1 hit, 0 errors, 1 left on base; Waterbury 0 - Pittsfield 3
TOP OF THE 4TH
Waterbury Rough Riders batting - Pitching for Pittsfield Colonials : RHP Robert Vavrock
Batting: RHB David Corman 0-0: Called Strike
0-1: Foul Ball, location: 2F
0-2: Ball
1-2: Foul Ball, location: 2F
1-2: Ball
2-2: Strikes out swinging
Batting: RHB Dave Wilder 0-0: Ball
1-0: Ball
2-0: Foul Ball, location: 2F
2-1: Ground out 1-3 (Groundball, 15S, EV 74.4 MPH)
Batting: RHB Billy Beane 0-0: Ball
1-0: SINGLE (Groundball, 56D, EV 108.8 MPH) (infield hit)
Batting: RHB john W Russell 0-0: Ball
1-0: Fly out, F8 (Line Drive, 8LM, EV 96.3 MPH)
Top of the 4th over - 0 runs, 1 hit, 0 errors, 1 left on base; Waterbury 0 - Pittsfield 3
BOTTOM OF THE 4TH
Pittsfield Colonials batting - Pitching for Waterbury Rough Riders : RHP Jeffrey Orville
Batting: RHB Steven Ramler 0-0: Called Strike
0-1: Ball
1-1: Swinging Strike
1-2: Foul Ball, location: 2F
1-2: Foul Ball, location: 2F
1-2: Foul Ball, location: 2F
1-2: Foul Ball, location: 2F
1-2: Foul Ball, location: 2F
1-2: Foul Ball, location: 2F
1-2: Ball
2-2: Strikes out swinging
Batting: RHB Fernando Marin 0-0: Ball
1-0: Ball
2-0: Called Strike
2-1: Ground out 6-3 (Groundball, 6M, EV 102.5 MPH)
Batting: RHB Juan Castro 0-0: Ball
1-0: Ground out 6-3 (Groundball, 6, EV 79.4 MPH)
Bottom of the 4th over - 0 runs, 0 hits, 0 errors, 0 left on base; Waterbury 0 - Pittsfield 3
TOP OF THE 5TH
Waterbury Rough Riders batting - Pitching for Pittsfield Colonials : RHP Robert Vavrock
Batting: LHB Mike Lebo 0-0: Ball
1-0: SINGLE (Flyball, 8RS, EV 91.3 MPH)
Batting: LHB David Blume 0-0: Ball
1-0: Ball
2-0: Ball
3-0: Base on Balls
Mike Lebo to second
Batting: RHB Daniel Purpura 0-0: Fly out, F8 (Flyball, 89XD, EV 105.6 MPH)
Runner from 2nd tags up, SAFE at 3rd, no throw by CF
Batting: RHB Jose Quiroz 0-0: Ball
Wild Pitch!
Mike Lebo scores
David Blume to second
1-0: Called Strike
1-1: Foul Ball, location: 2F
1-2: Fly out, F9 (Flyball, 9LM, EV 83.8 MPH)
Runner from 2nd tags up, SAFE at 3rd with throw by RF
Batting: RHB Joseph Pocoroba 0-0: Ball
1-0: Foul Ball, location: 2F
1-1: Ground out 5-3 (Groundball, 56S, EV 85.6 MPH)
Top of the 5th over - 1 run, 1 hit, 0 errors, 1 left on base; Waterbury 1 - Pittsfield 3
BOTTOM OF THE 5TH
Pittsfield Colonials batting - Pitching for Waterbury Rough Riders : RHP Jeffrey Orville
Batting: SHB Felipe Gracia 0-0: Called Strike
0-1: Ball
1-1: Ball
2-1: Ball
3-1: TRIPLE (Flyball, 78XD, EV 98.8 MPH)
Batting: SHB David Enos 0-0: Called Strike
0-1: Fly out, F7 (Flyball, 7D, EV 90.0 MPH)
Runner from 3rd tags up, SCORES, throw by LF
Batting: RHB Shawon Dunston 0-0: Ball
1-0: Ball
2-0: Ground out U3 (Groundball, 3L, EV 89.4 MPH)
Batting: SHB Mark Gilbert 0-0: Ball
1-0: Ball
2-0: Called Strike
2-1: Called Strike
2-2: Foul Ball, location: 2F
2-2: Strikes out looking
Bottom of the 5th over - 1 run, 1 hit, 0 errors, 0 left on base; Waterbury 1 - Pittsfield 4
TOP OF THE 6TH
Waterbury Rough Riders batting - Pitching for Pittsfield Colonials : RHP Robert Vavrock
Batting: RHB David Corman 0-0: Foul Ball, location: 2F
0-1: SINGLE (Groundball, 4MD, EV 99.4 MPH) (infield hit)
Batting: RHB Dave Wilder 0-0: Ball
1-0: Ball
2-0: Called Strike
2-1: Foul Ball, location: 2F
2-2: Foul Ball, location: 2F
2-2: Ball
3-2: Base on Balls
David Corman to second
Batting: RHB Billy Beane 0-0: Swinging Strike
0-1: Fly out, F7 (Flyball, 7LS, EV 91.3 MPH)
Batting: RHB john W Russell 0-0: Called Strike
0-1: Ball
1-1: Fly out, F8 (Flyball, 8LS, EV 91.9 MPH)
Batting: LHB Mike Lebo 0-0: Swinging Strike
0-1: Ball
1-1: Ball
2-1: SINGLE (Popup, 56D, EV 46.9 MPH)
David Corman to third
Dave Wilder to second
Runner from 3rd tries for Home, SAFE, throw by SS to home
Batting: LHB David Blume 0-0: Ball
1-0: Called Strike
1-1: Ball
2-1: Ball
3-1: Base on Balls
Dave Wilder to third
Mike Lebo to second
Batting: RHB Daniel Purpura 0-0: Swinging Strike
0-1: Ball
1-1: Fly out, F8 (Flyball, 8RM, EV 86.9 MPH)
Top of the 6th over - 1 run, 2 hits, 0 errors, 3 left on base; Waterbury 2 - Pittsfield 4
BOTTOM OF THE 6TH
Pittsfield Colonials batting - Pitching for Waterbury Rough Riders : RHP Jeffrey Orville
Batting: RHB Mike Brewer 0-0: Called Strike
0-1: Swinging Strike
0-2: Strikes out swinging
Batting: LHB Armando Ortiz 0-0: Called Strike
0-1: Called Strike
0-2: Ball
1-2: Ball
2-2: Ball
3-2: Ground out 1-3 (Groundball, 13S, EV 70.6 MPH)
Batting: RHB Steven Ramler 0-0: Called Strike
0-1: Called Strike
0-2: Ball
1-2: Strikes out looking
Bottom of the 6th over - 0 runs, 0 hits, 0 errors, 0 left on base; Waterbury 2 - Pittsfield 4
TOP OF THE 7TH
Waterbury Rough Riders batting - Pitching for Pittsfield Colonials : RHP Robert Vavrock
Batting: RHB Jose Quiroz 0-0: Ball
1-0: Fly out, F9 (Line Drive, 9D, EV 90.0 MPH)
Batting: RHB Joseph Pocoroba 0-0: Foul Ball, location: 2F
0-1: SINGLE (Line Drive, 9LM, EV 96.3 MPH)
Batting: RHB David Corman 0-0: Called Strike
0-1: SINGLE (Groundball, 25, EV 68.1 MPH) (infield hit)
Joseph Pocoroba to second
Batting: RHB Dave Wilder 0-0: Called Strike
0-1: Ball
1-1: Foul Ball, location: 2F
1-2: Foul Ball, location: 2F
1-2: Ball
2-2: Foul Ball, location: 2F
2-2: Strikes out looking
Batting: RHB Billy Beane 0-0: Ball
1-0: SINGLE (Line Drive, 5D, EV 95.6 MPH)
Joseph Pocoroba to third
David Corman to second
Runner from 3rd tries for Home, SAFE, throw by LF to home
Batting: RHB john W Russell 0-0: Foul Ball, location: 2F
0-1: Swinging Strike
0-2: Strikes out swinging
Top of the 7th over - 1 run, 3 hits, 0 errors, 2 left on base; Waterbury 3 - Pittsfield 4
BOTTOM OF THE 7TH
Pittsfield Colonials batting - Pitching for Waterbury Rough Riders : RHP Jeffrey Orville
Batting: RHB Fernando Marin 0-0: Ground out 1-3 (Groundball, 13S, EV 73.1 MPH)
Batting: RHB Juan Castro 0-0: Ball
1-0: Foul Ball, location: 2F
1-1: Ball
2-1: Ball
3-1: Foul Ball, location: 2F
3-2: Base on Balls
Batting: SHB Felipe Gracia 0-0: Ball
Juan Castro steals 2nd base
1-0: Ball
2-0: Fly out, F9 (Line Drive, 9D, EV 89.4 MPH)
Batting: SHB David Enos 0-0: Called Strike
0-1: Called Strike
0-2: Ground out 5-3 (Groundball, 56S, EV 88.1 MPH)
Bottom of the 7th over - 0 runs, 0 hits, 0 errors, 1 left on base; Waterbury 3 - Pittsfield 4
TOP OF THE 8TH
Waterbury Rough Riders batting - Pitching for Pittsfield Colonials : RHP Robert Vavrock
Batting: LHB Mike Lebo 0-0: Ball
1-0: Ball
2-0: Ground out 6-3 (Groundball, 56D, EV 105.6 MPH)
Batting: LHB David Blume 0-0: Called Strike
0-1: Fly out, F8 (Flyball, 78M, EV 83.1 MPH)
Batting: RHB Daniel Purpura 0-0: Called Strike
0-1: Fly out, F7 (Line Drive, 7D, EV 90.0 MPH)
Top of the 8th over - 0 runs, 0 hits, 0 errors, 0 left on base; Waterbury 3 - Pittsfield 4
BOTTOM OF THE 8TH
Pittsfield Colonials batting - Pitching for Waterbury Rough Riders : RHP Jeffrey Orville
Batting: RHB Shawon Dunston 0-0: Ball
1-0: Fly out, F8 (Flyball, 89S, EV 93.8 MPH)
Batting: SHB Mark Gilbert 0-0: Ball
1-0: Ball
2-0: Ground out 4-3 (Groundball, 4, EV 81.3 MPH)
Batting: RHB Mike Brewer 0-0: Called Strike
0-1: Ball
1-1: Called Strike
1-2: Foul Ball, location: 2F
1-2: Foul Ball, location: 2F
1-2: Foul Ball, location: 2F
1-2: Ball
2-2: Foul Ball, location: 2F
2-2: SINGLE (Groundball, 6M, EV 98.1 MPH) (infield hit)
Batting: LHB Armando Ortiz 0-0: Ball
1-0: Ground out 4-3 (Groundball, 4, EV 105.6 MPH)
Bottom of the 8th over - 0 runs, 1 hit, 0 errors, 1 left on base; Waterbury 3 - Pittsfield 4
TOP OF THE 9TH
Waterbury Rough Riders batting - Pitching for Pittsfield Colonials : RHP Robert Vavrock
Pitching: LHP Newt Box
Batting: RHB Jose Quiroz 0-0: Foul Ball, location: 2F
0-1: Ball
1-1: Foul Ball, location: 2F
1-2: Ball
2-2: Strikes out swinging
Pinch Hitting: RHB Gary Skow 0-0: Fly out, F7 (Flyball, 7LM, EV 89.4 MPH)
Batting: RHB David Corman 0-0: Foul Ball, location: 2F
0-1: Ball
1-1: Foul Ball, location: 2F
1-2: Ball
2-2: Fly out, F8 (Flyball, 89D, EV 106.9 MPH)
Top of the 9th over - 0 runs, 0 hits, 0 errors, 0 left on base; Waterbury 3 - Pittsfield 4
Monday, August 10th, 2020 - OOTP Baseball 21.5 Build 76